 Dungeon Crawl Stone Soup version 0.22.1-1-ga44c0e5 (webtiles) character file.

140 MagneticLamb the Cudgeler (level 4, 0/37 HPs)
             Began as a Demigod Wanderer on Nov 9, 2018.
             Slain by a worm (9 damage)
             ... on level 3 of the Dungeon.
             The game lasted 00:17:26 (2133 turns).

MagneticLamb the Cudgeler (Demigod Wanderer)        Turns: 2133, Time: 00:17:27

Health: 0/37       AC:  5    Str: 13    XL:     4   Next: 72%
Magic:  6/6        EV: 10    Int: 17    God:
Gold:   120        SH:  0    Dex: 18    Spells: 3/3 levels left

rFire    . . .     SeeInvis .   a - +2 mace
rCold    . . .     Gourm    .   (no shield)
rNeg     . . .     Faith    .   b - +0 ring mail
rPois    .         Spirit   .   (no helmet)
rElec    .         Reflect  .   (no cloak)
rCorr    .         Harm     .   (no gloves)
MR       .....                  (no boots)
Stlth    ++........             (no amulet)
HPRegen  0.12/turn              (no ring)
MPRegen  0.10/turn              (no ring)

@: no status effects
A: high mp 1
a: no special abilities


You were on level 3 of the Dungeon.
You were not hungry.

You visited 1 branch of the dungeon, and saw 3 of its levels.

You collected 120 gold pieces.

Inventory:

Hand Weapons
 a - a +2 mace (weapon)
 g - a +0 hunting sling
 j - a +0 dagger
 o - a +0 club
 p - a +0 club
 r - a +0 club
 v - a +0 short sword
 w - a +0 club
 y - a +0 club
 D - a +0 dagger
 E - a +0 giant club
 F - a +0 mace
Missiles
 h - 34 bolts
 m - 60 arrows
 n - 83 stones (quivered)
 u - 37 sling bullets
Armour
 b - a +0 ring mail (worn)
 d - a +0 robe {k}
 i - a +0 leather armour
Scrolls
 e - 2 scrolls of identify {unknown}
 l - a scroll of teleportation {unknown}
 q - a scroll of fog {unknown}
 x - a scroll of blinking {unknown}
 C - a scroll of amnesia {unknown}
Potions
 c - a potion of lignification
 k - a potion of heal wounds {unknown}
 s - a potion of flight {unknown}
 t - a potion of invisibility {unknown}
 z - a potion of haste {unknown}
 A - a potion of might {unknown}
 B - a potion of curing
Comestibles
 f - 6 rations


   Skills:
 + Level 2.4 Fighting
 + Level 3.8 Maces & Flails
   Level 1.0 Bows
 + Level 1.1 Throwing
 + Level 2.6 Armour
 + Level 0.7 Dodging
 + Level 2.0 Stealth


You had 3 spell levels left.
You didn't know any spells.
Your spell library was empty.

Dungeon Overview and Level Annotations

Branches:
Dungeon (3/15)


Innate Abilities, Weirdness & Mutations

You have an increased reservoir of magic. (+10% MP)


Message History

F - a mace A worm is nearby!
A worm is nearby!
A worm is nearby!
You sock the worm!
The worm is heavily wounded.
The worm bites you!
You barely miss the worm.
The worm is heavily wounded.
The worm bites you.
You hit the worm but do no damage.
The worm is moderately wounded.
You hit the worm.
The worm is heavily wounded.
The worm bites you.
* * * LOW HITPOINT WARNING * * *
You barely miss the worm.
The worm is heavily wounded.
The worm bites you!
You die...

... #. #.. #.########
.##..#####.#.......
..................
................>#
######..####..........
.....................
................##... #.#
#..@###.......... #.#
#.w.<##.....##...
##.####.###............#...
..............###..........
...####.###...###....###...
#.........................
#.####..................#.
#..#.#...##..#.....#
#....................


You could see a worm.

Vanquished Creatures
  An ogre (D:3)
  A crimson imp (D:2)
  3 bats
  A giant cockroach (D:2)
  5 goblins
  3 hobgoblins
  5 frilled lizards
  3 rats
  4 plants (D:2)
26 creatures vanquished.

Notes
Turn   | Place    | Note
-------+----------+-------------------------------------------
     0 | D:1      | MagneticLamb the Demigod Wanderer began the quest for the
                  | Orb.
     0 | D:1      | MagneticLamb set off with: a +2 mace, a potion of curing, a
                  | potion of lignification, a +0 robe, a ration
     0 | D:1      | Reached XP level 1. HP: 17/17 MP: 3/3
   745 | D:2      | Reached XP level 2. HP: 24/24 MP: 4/4
   835 | D:2      | Found a blossoming altar of Fedhas.
  1058 | D:2      | Reached skill level 3 in Maces & Flails
  1444 | D:2      | Found a burning altar of Makhleb.
  1522 | D:2      | Reached XP level 3. HP: 17/29 MP: 5/5
  2054 | D:3      | Noticed an ogre
  2071 | D:3      | Killed an ogre
  2071 | D:3      | Reached XP level 4. HP: 16/37 MP: 6/6
  2133 | D:3      | Slain by a worm

Skill      XL: |  1  2  3 |
---------------+----------+-----
Fighting       | 2 |  2.4
Maces & Flails | 3 |  3.8
Armour         | 2 |  2.6
Stealth        | 2 |  2.0
Bows           | |  1.0
Throwing       | |  1.1
Dodging        | |  0.7

Action                   |  1- 3 |  4- 6 || total
-------------------------+-------+-------++-------
Melee: Mace              |   205 |     8 ||   213
  Use: Potion            |     1 |       ||     1
 Stab: Sleeping          |     4 |       ||     4
  Eat: Ration            |     2 |       ||     2
Armor: Leather armour    |    14 |       ||    14
       Ring mail         |     5 |     1 ||     6
Dodge: Dodged            |    40 |     4 ||    44
